 Dungeon Crawl Stone Soup version 0.29.0-10-g45618ea6d2 (webtiles) character file.

Game seed: 9060030564143329656

135 sanka the Ruffian (level 4, -3/44 HPs)
             Began as a Troll Monk on Sept 1, 2022.
             Succumbed to an orc wizard's poison
             ... on level 3 of the Dungeon.
             The game lasted 00:02:33 (1405 turns).

sanka the Ruffian (Troll Monk)                      Turns: 1405, Time: 00:02:34

Health: -3/44      AC:  4    Str: 21    XL:     4   Next: 97%
Magic:  3/3        EV: 10    Int:  6    God:
Gold:   69         SH:  0    Dex: 12    Spells: 3/3 levels left

rFire   . . .      SeeInvis .     - Unarmed
rCold   . . .      Faith    .   (no shield)
rNeg    + . .      Spirit   .   a - +0 robe
rPois   .          Reflect  .   (helmet restricted)
rElec   .          Harm     .   (no cloak)
rCorr   .          Rampage  .   (gloves unavailable)
Will    .....                   (boots unavailable)
Stlth   +.........              (no amulet)
HPRegen 0.94/turn               (no ring)
MPRegen 0.08/turn               k - ring of positive energy

@: confused, lethally poisoned (-3 -> -25), ambrosia-drunk
A: large, unfitting armour, claws 3, regeneration 1, shaggy fur 1, tough skin 1
a: no special abilities


You were on level 3 of the Dungeon.
You visited 1 branch of the dungeon, and saw 4 of its levels.

You collected 93 gold pieces.
You spent 24 gold pieces at shops.


Innate Abilities, Weirdness & Mutations

You are too large for most types of armour.
You have claws for hands.
Your natural rate of healing is unusually fast.
You are covered in fur. (AC +1)
You have tough skin. (AC +1)


   Skills:
 - Level 2.4 Fighting
 - Level 2.4 Dodging
 - Level 1.0 Stealth
 + Level 5.7 Unarmed Combat


You had 3 spell levels left.
You didn't know any spells.
Your spell library was empty.

Inventory:

Armour
 a - a +0 robe (worn)
Jewellery
 k - a ring of positive energy (right claw)
Wands
 l - a wand of iceblast (12)
Scrolls
 d - a scroll of enchant weapon {unknown}
 g - a scroll of vulnerability {!r}
 h - a scroll of poison {!r}
 i - a scroll of teleportation {unknown}
 o - a scroll of enchant armour {unknown}
 p - a scroll of identify {@r1}
Potions
 c - 2 potions of curing {unknown}
 e - a potion of heal wounds {unknown}
 f - a potion of magic {unknown}
 j - a potion of flight {unknown}
 m - a potion of might {unknown}
 n - a potion of degeneration {unknown}

Dungeon Overview and Level Annotations

Branches:
Dungeon (4/15)
 Temple: D:4-7

Altars:
Trog
The Shining One

Shops:
D:1

? .....▒............▒
.....▒▒▒▒▒........▒▒
▒▒▒'▒▒ ▒.........▒
▒.▒▒▒▒▒▒.........▒▒
▒......+........... ▒
▒▒▒▒▒▒▒▒..).?....▒▒.▒
▒▒▒▒........
▒▒▒▒▒▒▒▒▒.▒▒▒▒.▒▒▒▒▒▒
▒.........o{T........
▒........)o▒▒▒.▒▒▒▒▒▒
▒......)...▒ ..▒
▒..........▒ ▒..▒
▒..........▒ ▒+▒
...........▒
......▒▒▒▒.▒ ......
▒.+ ...... ▒▒▒


You could see 2 orcs.


Message History

Something hits you.
You are more poisoned.
You closely miss something.
You feel very sick. Something hits you.
You are more poisoned.
You miss something.
You feel very sick. Something hits you but does no damage.
You are more poisoned.
You barely miss something.
* * * LOW HITPOINT WARNING * * *
You feel very sick. Something hits you.
* * * LOW HITPOINT WARNING * * *
Unknown command.
You claw something!
* * * LOW HITPOINT WARNING * * *
You feel very sick. Something hits you.
* * * LOW HITPOINT WARNING * * *
You are more poisoned.
You closely miss something.
* * * LOW HITPOINT WARNING * * *
You feel extremely sick. Something hits you but does no damage.
You are more poisoned.
You are confused.
You feel invigorated.
You die...

Action                   |  1- 3 |  4- 6 || total
-------------------------+-------+-------++-------
Melee: Unarmed           |    62 |    47 ||   109
       Punch             |     2 |     4 ||     6
  Use: Scroll            |     2 |       ||     2
       Potion            |       |     1 ||     1
 Stab: Sleeping          |     3 |       ||     3
       Distracted        |       |     1 ||     1
Armor: Robe              |    21 |     9 ||    30
Dodge: Dodged            |    32 |    19 ||    51

Levels and vault maps discovered:
D:1:      lemuel_arrival_tunnels, layout_loops_corners, serial_shops, shop
D:2:      layout_rooms, basic_altar, minmay_tree_intersection
D:3:      layout_basic, shapermc_ecumenical_altar_hornbeckon,
          corexii_hall_statues_s, nicolae_concentric_dashed_squares_mild
D:4:      layout_loops_ring, mainiacjoe_overflow_brackets,
          nicolae_overflow_hidden_temple, serial_bayou_lagoon_a, uniq_ijyb,
          uniq_edmund

Notes
Turn   | Place    | Note
-------+----------+-------------------------------------------
     0 | D:1      | sanka the Troll Monk began the quest for the Orb.
     0 | D:1      | Reached XP level 1. HP: 22/22 MP: 0/0
   133 | D:1      | Reached XP level 2. HP: 29/29 MP: 1/1
   262 | D:1      | Found Batintapt's Magic Scroll Shoppe.
   269 | D:1      | Bought a scroll of identify for 24 gold pieces
   641 | D:1      | Reached skill level 4 in Unarmed Combat
   963 | D:4      | Reached XP level 3. HP: 35/36 MP: 2/2
  1009 | D:4      | Reached skill level 5 in Unarmed Combat
  1009 | D:4      | Reached XP level 4. HP: 41/44 MP: 3/3
  1166 | D:4      | Found a glowing golden altar of the Shining One.
  1212 | D:4      | Noticed an ogre
  1253 | D:4      | Found a bloodstained altar of Trog.
  1404 | D:3      | HP: 1/44 [poisoned by an orc wizard]
  1405 | D:3      | Succumbed to an orc wizard's poison

Vanquished Creatures
  A hound (D:4)
  An iguana (D:4)
  3 gnolls (D:3)
  An adder (D:4)
  2 orcs (D:3)
  3 bats (D:1)
  An endoplasm (D:3)
  5 goblins
  2 hobgoblins
  8 jackals (D:1)
  4 kobolds
  3 quokkas (D:1)
  2 frilled lizards
  A rat (D:1)
37 creatures vanquished.

Vanquished Creatures (others)
  6 plants (D:4)
6 creatures vanquished.

Grand Total: 43 creatures vanquished
